cohdb
Replays
Latest Replays
All Replays
Popular Replays
Top Player Replays
Match Explorer
How It Works
Community
CoH3 Stats
Reddit
Sign in to upload your games and track your stats! →
Sign in with Steam
Match 40109927
Unlisted
Match 40109927
Overview
Messages
Build Orders
End
Construct Infanterie Kompanie
Selects Terror Battlegroup
Selects Machine Gun Camouflage
MG 42 Machine Gun Team
Kettenkrad Recon Vehicle
Grenadier Squad
Grenadier Squad
Construct Panzergrenadier Kompanie
Panzergrenadier Squad
251 Medium Carrier
Pak 40 Anti-tank Gun Team
Construct Panzer Kompanie
Selects No Quarter
Selects Contempt for the Weak
Panzer IV Medium Tank
Side Skirts
Panzer IV Medium Tank
wila
Sher
LittleFatty233
377480068
きめぇ丸
It's Kinda Hot Here.
Tempestus
돈이사라지는마술
0
0
Comments
sign in to comment!
No comments posted yet!